 Dungeon Crawl Stone Soup version 0.30-a0-475-g03497ec522 (webtiles) character file.

Game seed: 7977057805518715708

1440349 ma3 the Petrodigitator (level 27, 180/189 HPs)
             Began as a Gargoyle Hedge Wizard on Dec 19, 2022.
             Was the Champion of Elyvilon.
             Escaped with the Orb
             ... and 3 runes on Dec 20, 2022!
             The game lasted 03:30:50 (96017 turns).

ma3 the Petrodigitator (Gargoyle Hedge Wizard)     Turns: 96017, Time: 03:30:51

Health: 180/189    AC: 53    Str: 16    XL:     27
Magic:  1/48       EV:  4    Int: 28    God:    Elyvilon [******]
Gold:   4242       SH: 29    Dex:  9    Spells: 30/69 levels left

rFire   + + +      SeeInvis +    a - staff of earth
rCold   + . .      Faith    .    w - +18 shield of the Gong {rElec rN+ Will+ EV-5}
rNeg    + + .      Spirit   .    Y - +8 fire dragon scales
rPois   ∞          Reflect  .    F - +2 helmet {Int+3}
rElec   +          Harm     .    G - scarf {rC+ rF+}
rCorr   .          Rampage  .    r - +2 pair of gloves
Will    +++++      Clarity  +    Z - +1 pair of boots "Fos Vauh" {Will++}
Stlth   +.........               V - amulet of magic regeneration
HPRegen 0.51/turn                W - ring "Qann" {Wiz rC+}
MPRegen 0.71/turn                U - ring "Toaliv" {rElec AC+4 Str-2 SInv}

@: flying, studying Axes
A: sickness immunity, AC +20, big wings, negative energy resistance 1,
electricity resistance, torment resistance 1, petrification resistance, clarity,
deformed body
0: Orb of Zot
}: 3/15 runes: barnacled, silver, gossamer
a: Renounce Religion, Purification, Heal Other, Heal Self, Divine Vigour


You escaped.
You worshipped Elyvilon.
Elyvilon was exalted by your worship.
You visited 11 branches of the dungeon, and saw 48 of its levels.
You also visited: Bailey, Gauntlet and Volcano.

You collected 7523 gold pieces.
You spent 3281 gold pieces at shops.

Inventory:

Hand Weapons
 b - the +7 flail "Zaurududd" {venom, rCorr}
   (You found it on level 4 of the Dungeon)

   It poisons the flesh of those it strikes.
   rCorr:     It protects you from acid and corrosion.
Armour
 q - a +2 robe of willpower
 r - a +2 pair of gloves (worn)
 w - the +18 shield of the Gong (worn) {rElec rN+ Will+ EV-5}
   (You bought it in a shop on level 2 of the Orcish Mines)

   It is deafeningly noisy when blocking attacks.
   EV:        It affects your evasion (-5).
   rElec:     It insulates you from electricity.
   rN:        It protects you from negative energy.
   Will:      It increases your willpower.
 F - a +2 helmet of intelligence (worn)
 G - a scarf of resistance (worn)
 Y - +8 fire dragon scales (worn)
 Z - the +1 pair of boots "Fos Vauh" (worn) {Will++}
   (You found it on level 1 of the Realm of Zot)

   Will:      It greatly increases your willpower.
Magical Staves
 a - a staff of earth (weapon)
Jewellery
 l - a +6 ring of intelligence
 u - the ring of Dicse {rC+ Str+6 Stlth-}
   (You took it off a deep elf demonologist on level 3 of the Elven Halls)

   [ring of protection from cold]

   Str:       It affects your strength (+6).
   rC:        It protects you from cold.
   Stlth:     It makes you less stealthy.
 y - the ring "Tuchoets" {Fire Int+4}
   (You found it on level 1 of the Realm of Zot)

   [ring of fire]

   It enhances your fire magic.
   Int:       It affects your intelligence (+4).
   rF:        It protects you from fire.
   rC:        It makes you vulnerable to cold.
 z - the ring "Anivudwia" {rF+ rN+ Str-2 Slay+4}
   (You took it off a vault guard on level 5 of the Vaults)

   [ring of slaying]

   Str:       It affects your strength (-2).
   Slay:      It affects your accuracy & damage with ranged weapons and melee
   (+4).
   rF:        It protects you from fire.
   rN:        It protects you from negative energy.
 P - the ring "Vibol" {rPois rF+}
   (You took it off a merfolk javelineer on level 4 of the Shoals)

   [ring of protection from fire]

   rF:        It protects you from fire.
   rPois:     It protects you from poison.
 T - an amulet of reflection
 U - the ring "Toaliv" (right hand) {rElec AC+4 Str-2 SInv}
   (You found it on level 1 of the Elven Halls)

   [ring of protection]

   AC:        It affects your AC (+4).
   Str:       It affects your strength (-2).
   rElec:     It insulates you from electricity.
   SInv:      It lets you see invisible.
 V - an amulet of magic regeneration (around neck)
 W - the ring "Qann" (left hand) {Wiz rC+}
   (You found it in a Gauntlet)

   [ring of wizardry]

   It improves your spell success rate.
   rC:        It protects you from cold.
Wands
 e - a wand of acid (17)
 i - a wand of mindburst (29)
 s - a wand of iceblast (47)
 A - a wand of polymorph (33)
 N - a wand of flame (56)
 Q - a wand of digging (2)
 X - a wand of paralysis (33)
Scrolls
 c - 4 scrolls of enchant weapon
 f - 5 scrolls of poison
 g - 4 scrolls of magic mapping
 h - 5 scrolls of fog
 m - 3 scrolls of enchant armour
 o - 30 scrolls of identify
 p - a scroll of silence
 v - 7 scrolls of amnesia
 C - 20 scrolls of teleportation
 E - 9 scrolls of vulnerability
 J - a scroll of summoning
 K - 9 scrolls of fear
 M - 2 scrolls of blinking
 R - 8 scrolls of brand weapon
Potions
 d - a potion of brilliance
 j - 3 potions of cancellation
 k - 8 potions of might
 n - 26 potions of curing
 t - 2 potions of invisibility
 x - 7 potions of berserk rage
 B - 11 potions of heal wounds
 D - 8 potions of resistance
 H - 2 potions of haste
 I - 2 potions of mutation
 L - 4 potions of ambrosia
 S - 6 potions of attraction


   Skills:
 + Level 23.8 Fighting
 - Level 11.0 Maces & Flails
 + Level 18.4 Armour
 - Level 1.5 Dodging
 - Level 9.5 Stealth
 - Level 11.0 Shields
 + Level 21.6 Spellcasting
 - Level 14.2 Conjurations
 - Level 3.0 Hexes
 - Level 0.8 Summonings
 - Level 3.0 Translocations
 - Level 3.0 Transmutations
 O Level 27 Earth Magic
 - Level 15.0 Invocations


You had 30 spell levels left.
You knew the following spells:

 Your Spells              Type           Power      Damage    Failure   Level
a - Magic Dart            Conj           100%       1d8       0%          1
b - Shatter               Erth           67%        3d49*     4%          9
c - Stone Arrow           Conj/Erth      100%       3d13      0%          3
d - Blink                 Tloc           94%        N/A       1%          2
e - Iron Shot             Conj/Erth      60%        9d11      1%          6
f - Lee's Rapid Deconstr  Erth           67%        3d30*     0%          5
g - Irradiate             Conj/Tmut      34%        3d23      2%          5
h - Fulminant Prism       Conj/Hex       34%        3d16      1%          4
i - Swiftness             Air            30%        N/A       9%          3
j - Apportation           Tloc           94%        N/A       1%          1

Your spell library contained the following spells:

 Spells                   Type           Power      Damage    Failure   Level
 Sandblast                Erth           100%       2d20      0%          1
 Passwall                 Tmut/Erth      89%        N/A       0%          2
 Beastly Appendage        Tmut           94%        N/A       1%          1
 Kiss of Death            Conj/Necr      100%       2d13      1%          1
 Slow                     Hex            100%       N/A       1%          1
 Summon Small Mammal      Summ           100%       N/A       1%          1
 Searing Ray              Conj           100%       2d8       1%          2
 Static Discharge         Conj/Air       100%       2-7/arc   1%          2
 Wereblood                Tmut           47%        N/A       1%          2
 Dazzling Flash           Conj/Hex       100%       N/A       1%          3
 Hailstorm                Conj/Ice       63%        3d13      1%          3
 Mephitic Cloud           Conj/Pois/Air  54%        N/A       1%          3
 Animate Armour           Summ/Erth      100%       N/A       1%          4
 Iskenderun's Mystic Bla  Conj/Tloc      68%        2d14      1%          4
 Leda's Liquefaction      Hex/Erth       53%        N/A       1%          4
 Petrify                  Tmut/Erth      100%       N/A       1%          4
 Iskenderun's Battlesphe  Conj           84%        2d13      1%          5
 Necrotise                Necr           100%       1d9       2%          1
 Call Imp                 Summ           35%        N/A       2%          2
 Ensorcelled Hibernation  Hex/Ice        76%        N/A       2%          2
 Confusing Touch          Hex            47%        N/A       2%          3
 Portal Projectile        Hex/Tloc       94%        N/A       2%          3
 Poisonous Vapours        Pois/Air       60%        N/A       4%          2
 Spider Form              Tmut/Pois      38%        N/A       4%          3
 Summon Guardian Golem    Hex/Summ       41%        N/A       4%          3
 Vhi's Electric Charge    Tloc/Air       76%        N/A       4%          3
 Arcjolt                  Conj/Air       31%        1d41      4%          5
 Lightning Bolt           Conj/Air       31%        1d48      4%          5
 Lehudib's Crystal Spear  Conj/Erth      60%        10d14     4%          8
 Call Canine Familiar     Summ           35%        N/A       6%          3
 Kindle Blastsparks       Fire/Tloc/Air  70%        2d15      6%          3
 Frozen Ramparts          Ice            60%        1d10      9%          3
 Cause Fear               Hex            23%        N/A       9%          4
 Manifold Assault         Tloc           47%        N/A       9%          4
 Passage of Golubria      Tloc           47%        N/A       9%          4
 Anguish                  Hex/Necr       19%        N/A       16%         4
 Ice Form                 Ice/Tmut       38%        N/A       16%         4
 Summon Lightning Spire   Summ/Air       32%        N/A       22%         4
 Airstrike                Air            15%        2d(3-19)  26%         4
 Dispel Undead            Necr           30%        3d14      26%         4
 Olgreb's Toxic Radiance  Pois           30%        N/A       26%         4
 Summon Forest            Summ/Tloc      20%        N/A       32%         5
 Summon Mana Viper        Hex/Summ       41%        N/A       32%         5
 Alistair's Intoxication  Tmut/Pois      25%        N/A       38%         5
 Silence                  Hex/Air        19%        N/A       38%         5
 Agony                    Necr           30%        N/A       56%         5
 Spellforged Servitor     Conj/Summ      32%        N/A       67%         7
 Summon Cactus Giant      Summ           17%        N/A       94%         6
 Dragon Form              Tmut           23%        N/A       99%         7
 Enfeeble                 Hex            23%        N/A       99%         7
 Malign Gateway           Summ/Tloc      20%        N/A       100%        7
 Ozocubu's Refrigeration  Ice            15%        4d10      100%        7
 Storm Form               Tmut/Air       19%        N/A       100%        7
 Ignition                 Fire           15%        3d6       100%        8
 Maxwell's Capacitive Co  Air            15%        ∞         100%        8
 Chain Lightning          Conj/Air       31%        3d42      100%        9
 Dragon's Call            Summ           17%        N/A       100%        9
 Fire Storm               Conj/Fire      31%        8d8       100%        9
 Cigotuvi's Dreadful Rot  Necr/Pois/Air  Unusable   N/A       N/A         2
 Sublimation of Blood     Necr           Unusable   N/A       N/A         2

Dungeon Overview and Level Annotations

Branches:
Dungeon (15/15)            Temple (1/1) D:6            Lair (4/5) D:8
 Shoals (4/4) Lair:3       Spider (4/4) Lair:2        Slime (1/5) Lair:4
    Orc (2/2) D:11            Elf (3/3) Orc:2        Vaults (5/5) D:13
  Crypt (0/3) Vaults:2     Depths (4/4) D:15            Zot (5/5) Depths:4
 Bailey (visited)         Volcano (visited)         Gauntlet (visited)

Altars:
Ashenzari
Cheibriados
Dithmenos
Elyvilon
Fedhas
Gozag
Hepliaklqana
Kikubaaqudgha
Makhleb
Nemelex Xobeh
Okawaru
Qazlal
Ru
Sif Muna
Trog
Uskayaw
Vehumet
Wu Jian
Xom
Yredelemnul
Zin
The Shining One

Shops:
D:1 [   D:9 ?   D:10 *?   D:13 *   Orc:2 ?([[:::*   Elf:3 ?   Vaults:1 [
Vaults:2 **   Vaults:4 =   Depths:4 !

Portals:
Hell: Depths:1 Depths:2 Depths:3 Depths:4
Abyss: Depths:2 Depths:3 Depths:4
Pandemonium: Depths:2
Ziggurat: Depths:3

Annotations:
D:7 3 runed translucent doors, surr's ghost, novice DEEn
Lair:4 1 runed translucent door
Elf:1 6 runed translucent doors
Elf:2 3 runed translucent doors
Elf:3 2 transporters
Vaults:2 3 runed translucent doors, Aclimpov's ghost, adept GrEE
Zot:1 2 transporters, 3 runed translucent doors


Innate Abilities, Weirdness & Mutations

You are immune to sickness and miasma.
Your stone body is resilient. (AC +20)
You are immune to poison.
Your large and strong wings let you fly.
You resist negative energy. (rN+)
You are resistant to electric shocks. (rElec)
You are resistant to unholy torment.
You are immune to petrification.
You possess an exceptional clarity of mind.
Armour fits poorly on your strangely shaped body.


Message History

A door shatters!
Ka-crash!
You start resting.
A balrug and 3 sun demons come into view.
There are monsters nearby!
You feel a surge of power!
The dungeon rumbles!
The sun demon is moderately wounded. x2
The balrug is heavily wounded.
The sun demon is heavily wounded.
Ka-crash!
Unknown command.
You feel a surge of power!
The dungeon rumbles!
You kill the sun demon!
The balrug is heavily wounded.
The sun demon is moderately wounded.
You kill the sun demon!
Ka-crash!
You feel a surge of power!
The dungeon rumbles!
The balrug is severely wounded.
The sun demon is severely wounded.
Ka-crash!
The balrug gestures at you. Something smites you!
You feel a surge of power!
The dungeon rumbles!
The sun demon is almost dead.
The balrug is severely wounded.
Ka-crash!
You feel a surge of power!
The dungeon rumbles!
You kill the sun demon!
The balrug is almost dead.
Ka-crash!
A dart slug comes into view.
You don't have enough magic to cast this spell.
The balrug gestures at you. You block the sticky flame.
GONNNNG!
You have escaped!

..............)......# #.
........................ #.
........................ ### #.
.................(......####.###.
..............................##.
........................####.###.
........................ #.# #.
.......#........2....... #.####
....#..#........@....... #.....
.......#................ ######
#.###.........(......... #
##.##..##............... #
##....# ..............# ######
##.##..##............... #.....
#.###................#.. #.####
.####....w.............# #.##..
...........# #..# #.##..


You could see a balrug and a dart slug.

Vanquished Creatures
  4 dread liches
  3 orbs of fire
  4 ancient liches
  Sojobo (D:15)
  The ghost of qborf the Hoplite, a veteran AtFi of Okawaru (Depths:4)
  11 Killer Klowns
  2 caustic shrikes
  7 curse toes
  Nikola (Shoals:2)
  A bone dragon (Vaults:3)
  11 golden dragons
  A Brimstone Fiend (Zot:2)
  7 electric golems
  Jorgrun (Spider:2)
  26 tentacled monstrosities
  26 Orb Guardians
  4 deep elf master archers (Elf:3)
  A deep elf blademaster (Elf:2)
  Mlioglotl (Spider:2)
  8 liches
  8 titans
  A walking frostbound tome (Depths:3)
  7 quicksilver dragons
  An Executioner (D:10)
  2 walking divine tomes (Depths:3)
  Polyphemus (Shoals:1)
  8 death cobs
  2 krakens
  Gastronok (D:8)
  An acid blob (Lair:4)
  7 sphinxes
  12 shadow dragons
  7 tengu reavers
  An ancient champion (Depths:1)
  6 draconian monks
  14 storm dragons
  Donald (Shoals:1)
  A rockslime (Slime:1)
  11 draconian knights
  9 frost giants
  4 emperor scorpions
  10 fire giants
  4 ghost moths (Zot:5)
  12 vault wardens
  A balrug (Depths:1)
  7 deep elf sorcerers
  2 iron dragons
  10 draconian scorchers
  5 deep elf elementalists
  3 cacodemons
  The ghost of Opeho the Phalangite, a journeyman MiBe of Trog (Elf:2)
  4 draconian stormcallers
  15 draconian annihilators
  12 draconian shifters
  An orc warlord (Vaults:1)
  A reaper (D:13)
  22 ironbound preservers
  10 stone giants
  5 war gargoyles
  2 broodmothers
  4 ironbound thunderhulks
  A quicksilver ooze (Slime:1)
  17 very ugly things
  5 vampire knights
  16 green draconians
  A lorocyproca (Zot:2)
  13 black draconians
  11 deep elf annihilators
  15 white draconians
  9 dire elephants
  Azrael (Orc:2)
  17 spark wasps
  A minotaur (Gauntlet)
  9 purple draconians
  24 red draconians
  9 deep elf demonologists
  14 merfolk impalers
  8 deep elf death magi
  15 yellow draconians
  A crystal guardian (Vaults:2)
  8 merfolk javelineers
  6 ettins
  9 yaktaur captains
  7 fire dragons
  2 green deaths
  Snorg (Lair:3)
  An iron golem (Depths:1)
  9 great orbs of eyes
  A ragged hierophant (Elf:1)
  4 entropy weavers
  4 deep elf high priests
  3 peacekeepers
  7 ironbound frosthearts
  6 hydras
  A rakshasa (Depths:1)
  37 vault guards
  A catoblepas (Shoals:1)
  A hell beast (Depths:1)
  Erolcha (D:9)
  7 ice dragons
  2 merfolk avatars
  3 ogre magi
  A spriggan air mage (Depths:2)
  4 jorogumos
  7 boulder beetles
  An alligator snapping turtle (Shoals:2)
  4 merfolk aquamancers
  Erica (D:7)
  22 centaur warriors
  20 dancing weapons
  A death scarab (Gauntlet)
  17 two-headed ogres
  A death knight (D:15)
  2 deep troll earth magi (Vaults:5)
  A satyr (Shoals:3)
  15 death yaks
  5 deep troll shamans
  4 tengu warriors
  Urug (Lair:3)
  5 spriggan berserkers
  12 deep elf knights
  A fire crab (shapeshifter) (D:14)
  Sonja (Lair:2)
  4 sun demons
  4 iron trolls (Depths:1)
  A salamander mystic (Volcano)
  A quicksilver dragon simulacrum (Depths:1)
  A shadow wraith (Vaults:5)
  4 skeletal warriors (Depths:1)
  6 pharaoh ants
  5 steelbarb worms
  A flayed ghost (Depths:3)
  3 sun moths
  12 sea snakes
  14 orb spiders
  A sixfirhy (D:5)
  53 deep trolls
  21 deep elf archers
  4 glowing orange brains
  19 ironbound convokers
  5 lindwurms
  3 orc knights
  3 necromancers
  7 wizards
  A tengu skeleton (Depths:1)
  11 phantasmal warriors
  34 deep elf pyromancers
  A frost giant zombie (Depths:1)
  7 harpies
  A stone giant zombie (Depths:1)
  14 fauns
  23 wolf spiders
  5 salamanders (Volcano)
  26 deep elf zephyrmancers
  13 manticores
  An oklob plant (Lair:2)
  5 cyclopes
  A moth of wrath (shapeshifter) (Depths:3)
  14 ugly things
  4 orc sorcerers
  28 moths of wrath
  6 merfolk sirens
  A worldbinder (Gauntlet)
  22 elephants
  2 black mambas (Lair:2)
  21 vault sentinels
  A molten gargoyle (Volcano)
  A rust devil (D:6)
  14 water nymphs
  8 cane toads
  A smoke demon (Shoals:2)
  8 torpor snails
  A gargoyle (D:12)
  A rime drake (Gauntlet)
  4 komodo dragons
  A hellion (D:1)
  A freezing wraith (Vaults:5)
  2 orange demons
  An unseen horror (D:11)
  A demonic crawler (Spider:1)
  A yaktaur (shapeshifter) (Vaults:5)
  24 yaktaurs
  An efreet (D:13)
  2 tengu conjurers
  11 trolls
  8 meliai
  A meliai (shapeshifter) (D:15)
  4 polar bears
  21 merfolk
  25 slime creatures
  30 tarantellas
  4 wind drakes
  A sphinx simulacrum (Depths:1)
  10 snapping turtles
  10 dream sheep
  3 saltlings (Elf:1)
  18 blink frogs
  20 jumping spiders
  3 large abominations (D:10)
  8 air elementals
  16 culicivoras
  2 wyverns
  Sigmund (D:6)
  29 water elementals
  6 fire bats (Volcano)
  A spriggan skeleton (Depths:1)
  3 wraiths
  53 yaks
  13 humans
  8 fire elementals
  48 redbacks
  3 basilisks
  24 vampire mosquitoes
  A steam dragon (D:10)
  2 wargs
  A floating eye (Depths:4)
  4 water moccasins
  A floating eye (shapeshifter) (Elf:2)
  34 orc warriors
  2 glowing shapeshifter skeletons (Depths:1)
  2 hell hounds
  3 ice beasts
  40 ogres
  A boggart (Gauntlet)
  10 centaurs (Bailey)
  3 phantoms
  3 kobold brigands
  8 scorpions
  16 bullfrogs
  3 gnoll sergeants
  3 earth elementals
  7 necrophages
  A tengu zombie (Depths:1)
  A killer bee (D:9)
  6 electric eels
  A howler monkey (D:6)
  4 lava snakes (Volcano)
  4 jellies
  3 hounds
  Crazy Yiuf (D:3)
  14 orc priests
  A gnoll bouda (Lair:4)
  3 iguanas
  20 orc wizards
  Robin (D:4)
  16 gnolls
  7 adders
  2 white imps
  A worm (Lair:2)
  A dart slug (D:5)
  78 orcs
  7 endoplasms
  7 giant cockroaches
  13 goblins
  7 hobgoblins
  2 jackals
  3 quokkas
  5 ball pythons
  11 bats
  6 frilled lizards
  22 kobolds
  12 rats
  3 tentacles (Shoals:3)
2068 creatures vanquished.

Vanquished Creatures (collateral kills)
  Jessica (D:2)
1 creature vanquished.

Vanquished Creatures (others)
  A black draconian (Zot:2)
  2 vault guards (D:13)
  2 deep elf knights (Elf:1)
  A faun (Shoals:3)
  2 merfolk sirens (Shoals:3)
  2 merfolk (Shoals:3)
  A culicivora (Spider:2)
  2 humans (D:13)
  An orc (D:15)
  28 fulminant prisms
  21 fungi
  83 plants
  24 tentacles
  6 toadstools (Lair:4)
176 creatures vanquished.

Grand Total: 2245 creatures vanquished

Notes
Turn   | Place    | Note
-------+----------+-------------------------------------------
     0 | D:1      | ma3 the Gargoyle Hedge Wizard began the quest for the Orb.
     0 | D:1      | Reached XP level 1. HP: 10/10 MP: 4/4
   106 | D:1      | Reached skill level 1 in Fighting
   179 | D:1      | Reached XP level 2. HP: 4/17 MP: 0/6
   234 | D:1      | Learned a level 2 spell: Call Imp
   465 | D:1      | Found Daar's Antique Armour Emporium.
   506 | D:1      | Found a faded altar of an unknown god.
   766 | D:1      | Reached XP level 3. HP: 22/22 MP: 3/7
   770 | D:1      | Learned a level 3 spell: Stone Arrow
  1308 | D:2      | Reached skill level 1 in Earth Magic
  1632 | D:2      | Found a snail-covered altar of Cheibriados.
  1726 | D:2      | Noticed Jessica
  1737 | D:2      | Killed Jessica
  1738 | D:2      | Reached XP level 4. HP: 17/28 MP: 1/8
  2010 | D:2      | Reached skill level 2 in Earth Magic
  2888 | D:3      | Reached XP level 5. HP: 32/32 MP: 6/9
  3151 | D:3      | Found a shimmering altar of Xom.
  3278 | D:3      | Found a runed translucent door.
  3279 | D:3      | Noticed Crazy Yiuf
  3580 | D:3      | Killed Crazy Yiuf
  4089 | D:4      | Identified the +7 flail "Zaurududd" {venom, rCorr}
  4156 | D:4      | Reached skill level 3 in Earth Magic
  4156 | D:4      | Reached XP level 6. HP: 33/38 MP: 10/10
  4342 | D:4      | Noticed Robin
  4350 | D:4      | Killed Robin
  4620 | D:4      | Reached skill level 4 in Earth Magic
  4774 | D:4      | Reached XP level 7. HP: 44/44 MP: 11/11
  4784 | D:4      | Learned a level 2 spell: Blink
  4845 | D:5      | Entered Level 5 of the Dungeon
  4978 | D:5      | Reached skill level 5 in Fighting
  5253 | D:5      | Found a bloodstained altar of Trog.
  5442 | D:5      | Reached skill level 5 in Conjurations
  5442 | D:5      | Reached skill level 5 in Earth Magic
  5804 | D:5      | Reached XP level 8. HP: 51/51 MP: 12/12
  6111 | D:6      | Found a blossoming altar of Fedhas.
  6140 | D:6      | Found a staircase to the Ecumenical Temple.
  6153 | Temple   | Entered the Ecumenical Temple
  6336 | Temple   | Became a worshipper of Elyvilon the Healer
  6437 | D:6      | Found a basalt altar of Yredelemnul.
  6507 | D:6      | Noticed Sigmund
  6510 | D:6      | Reached skill level 6 in Earth Magic
  6763 | D:6      | Found an iron altar of Okawaru.
  6915 | D:6      | Killed Sigmund
  6916 | D:6      | Reached skill level 7 in Earth Magic
  7102 | D:6      | Reached XP level 9. HP: 57/57 MP: 9/13
  7107 | D:6      | Learned a level 4 spell: Petrify
  7219 | D:6      | Identified the +4 rapier "Istraico" {vorpal, Fragile rN++
                  | Str+2 Stlth+}
  7716 | D:7      | Found a runed translucent gate.
  7716 | D:7      | Found a runed translucent gate.
  7716 | D:7      | Found a runed translucent gate.
  7722 | D:7      | Noticed surr's ghost (novice DEEn)
  7724 | D:7      | Reached * piety under Elyvilon
  7746 | D:7      | Found a flagged portal.
  7820 | Bailey   | Entered a bailey
  7977 | Bailey   | Reached skill level 8 in Earth Magic
  8579 | Bailey   | Reached skill level 9 in Earth Magic
  8856 | Bailey   | Reached XP level 10. HP: 55/65 MP: 14/14
  9975 | D:7      | Reached skill level 10 in Earth Magic
 10666 | D:8      | Noticed Erica
 10798 | D:7      | Killed Erica
 10799 | D:7      | Reached skill level 10 in Fighting
 10930 | D:8      | Noticed Gastronok
 11099 | D:8      | Killed Gastronok
 11100 | D:8      | Reached XP level 11. HP: 48/73 MP: 7/17
 11587 | D:8      | Reached skill level 5 in Stealth
 11797 | D:8      | Noticed a death yak
 11798 | D:8      | Noticed a death yak
 11798 | D:8      | Noticed a death yak
 11798 | D:8      | Noticed a death yak
 11798 | D:8      | Noticed a death yak
 11833 | D:9      | Reached ** piety under Elyvilon
 11857 | D:9      | Found Habbone's Magic Scroll Shop.
 11965 | D:9      | Bought a scroll of fear for 52 gold pieces
 11965 | D:9      | Bought a scroll of fear for 52 gold pieces
 11965 | D:9      | Bought a scroll of blinking for 97 gold pieces
 11965 | D:9      | Bought a scroll of fear for 52 gold pieces
 12293 | D:9      | Reached skill level 5 in Spellcasting
 12714 | D:10     | Entered Level 10 of the Dungeon
 12935 | D:10     | Reached skill level 1 in Maces & Flails
 13088 | D:10     | Found Peech's Magic Scroll Emporium.
 13133 | D:10     | Found a shadowy altar of Dithmenos.
 13326 | D:10     | Noticed a two-headed ogre
 13332 | D:10     | Killed a two-headed ogre
 13374 | D:10     | Found Ubaruga's Assorted Antiques.
 13542 | D:10     | Found a glowing golden altar of the Shining One.
 13681 | D:11     | Noticed a two-headed ogre
 13733 | D:11     | Reached *** piety under Elyvilon
 13790 | D:11     | Killed a two-headed ogre
 13817 | D:11     | Learned a level 5 spell: Lee's Rapid Deconstruction
 13826 | D:11     | Found a gate leading to a gauntlet.
 13843 | D:11     | Learned a level 5 spell: Irradiate
 13844 | Gauntlet | Entered a Gauntlet
 13844 | Gauntlet | Found a transporter.
 13903 | Gauntlet | Found a transporter.
 13906 | Gauntlet | Found a transporter.
 13907 | Gauntlet | Found a transporter.
 13917 | Gauntlet | Noticed a worldbinder
 13918 | Gauntlet | Found a transporter.
 13919 | Gauntlet | Found a transporter.
 13923 | Gauntlet | Found a transporter.
 13927 | Gauntlet | Found a transporter.
 13929 | Gauntlet | Noticed a death scarab
 13930 | Gauntlet | Found a transporter.
 13931 | Gauntlet | Found a transporter.
 13933 | Gauntlet | Noticed a thrashing horror
 13942 | Gauntlet | Found a transporter.
 13942 | Gauntlet | Found a transporter.
 13942 | Gauntlet | Noticed a thrashing horror
 13943 | Gauntlet | Found a transporter.
 13945 | Gauntlet | Noticed a green death
 13951 | Gauntlet | Found a transporter.
 14110 | Gauntlet | Noticed a goliath frog
 14110 | Gauntlet | Noticed a soul eater
 14112 | Gauntlet | Killed a worldbinder
 14192 | Gauntlet | Killed a death scarab
 14193 | Gauntlet | Reached XP level 12. HP: 68/81 MP: 15/21
 14275 | Gauntlet | Killed a green death
 14279 | Gauntlet | Identified the ring "Qann" {Wiz rC+}
 14344 | Gauntlet | Noticed a minotaur
 14356 | Gauntlet | Killed a minotaur
 14362 | Gauntlet | Got the Codex of Baleful Congelation
 14458 | D:11     | Noticed a boulder beetle
 14489 | D:11     | Killed a boulder beetle
 14726 | D:11     | Noticed a boulder beetle
 14741 | D:11     | Killed a boulder beetle
 15247 | D:8      | Found a staircase to the Lair.
 15354 | D:8      | Learned a level 6 spell: Iron Shot
 15388 | Lair:1   | Entered Level 1 of the Lair of Beasts
 15509 | Lair:1   | Reached **** piety under Elyvilon
 15834 | Lair:1   | Reached skill level 5 in Maces & Flails
 16855 | Lair:2   | Noticed a five-headed hydra
 16872 | Lair:1   | Killed a five-headed hydra
 17038 | Lair:2   | Noticed a five-headed hydra
 17048 | Lair:2   | Killed a five-headed hydra
 17201 | Lair:2   | Reached skill level 10 in Conjurations
 17274 | Lair:2   | Reached XP level 13. HP: 88/88 MP: 20/24
 17640 | Lair:2   | Noticed Sonja
 17642 | Lair:2   | Killed Sonja
 17643 | Lair:2   | Reached skill level 11 in Earth Magic
 17736 | Lair:2   | Found a hole to the Spider Nest.
 18080 | Lair:2   | Reached ***** piety under Elyvilon
 18529 | Lair:3   | Noticed Urug
 18775 | Lair:3   | Killed Urug
 18897 | Lair:3   | Reached skill level 12 in Earth Magic
 19197 | Lair:3   | Noticed Snorg
 19205 | Lair:3   | Killed Snorg
 20230 | Lair:3   | Found a staircase to the Shoals.
 20802 | Lair:4   | Gained mutation: Your large and strong wings let you fly.
                  | [Gargoyle growth]
 20802 | Lair:4   | Reached XP level 14. HP: 90/96 MP: 13/25
 20808 | Lair:4   | Reached skill level 13 in Earth Magic
 21203 | Lair:4   | Found a staircase to the Slime Pits.
 21926 | Lair:4   | Reached skill level 15 in Fighting
 22294 | Lair:4   | Found a runed translucent door.
 23057 | D:9      | Reached skill level 14 in Earth Magic
 23131 | D:9      | Noticed Erolcha
 23133 | D:9      | Killed Erolcha
 23269 | D:9      | Reached ****** piety under Elyvilon
 23270 | D:9      | Identified the +3 broad axe "Omneo" {drain, *Noise rElec
                  | Str+2 Stlth+}
 23659 | D:11     | Found a staircase to the Orcish Mines.
 24298 | Orc:1    | Entered Level 1 of the Orcish Mines
 24460 | Orc:1    | Found a dark tunnel.
 24471 | Volcano  | Entered a volcano
 25018 | Volcano  | Found a burning altar of Makhleb.
 26297 | Orc:2    | Entered Level 2 of the Orcish Mines
 26591 | Orc:2    | Found Hoaxil's Assorted Antiques.
 26600 | Orc:2    | Bought a scroll of teleportation for 75 gold pieces
 26606 | Orc:2    | Reached XP level 15. HP: 104/104 MP: 19/26
 26770 | Orc:2    | Learned a level 4 spell: Fulminant Prism
 27142 | Orc:1    | Reached skill level 15 in Earth Magic
 28079 | Orc:2    | Found Zysesukeni's Armour Boutique.
 28094 | Orc:2    | Found Xaruaf's Antique Weapon Boutique.
 28161 | Orc:2    | Found Mishuv's Magic Scroll Boutique.
 28464 | Orc:2    | Found Fiton's Book Emporium.
 28468 | Orc:2    | Found Zaczucle's Book Emporium.
 28470 | Orc:2    | Found Kiwnupn's Armour Shop.
 28482 | Orc:2    | Found Usesos's Book Shoppe.
 28512 | Orc:2    | Bought the +18 shield of the Gong {rElec rN+ Will+ EV-5}
                  | for 1264 gold pieces
 28512 | Orc:2    | Found the +18 shield of the Gong {rElec rN+ Will+ EV-5}
 28667 | Orc:2    | Bought a scroll of teleportation for 30 gold pieces
 28667 | Orc:2    | Bought a scroll of teleportation for 30 gold pieces
 28667 | Orc:2    | Bought a scroll of teleportation for 30 gold pieces
 28792 | Orc:2    | Found a staircase to the Elven Halls.
 28903 | Orc:2    | Bought the +2 helmet of Vaerudak {rN++ Will+ Dex-4 Stlth+}
                  | for 448 gold pieces
 29035 | D:8      | Reached skill level 1 in Shields
 29246 | Spider:1 | Entered Level 1 of the Spider Nest
 29481 | Spider:1 | Noticed an emperor scorpion
 29611 | Lair:2   | Killed an emperor scorpion
 29740 | Lair:2   | Reached skill level 5 in Shields
 30736 | Lair:2   | Reached skill level 1 in Invocations
 32088 | Spider:2 | Noticed Jorgrun
 32098 | Spider:2 | Killed Jorgrun
 32106 | Spider:2 | Noticed an emperor scorpion
 32370 | Spider:1 | Killed an emperor scorpion
 32371 | Spider:1 | Reached XP level 16. HP: 85/111 MP: 18/27
 32630 | Spider:2 | Reached skill level 5 in Invocations
 34814 | D:13     | Found Moeboiba's General Store.
 35066 | D:13     | Found a gate to the Vaults.
 36298 | D:15     | Entered Level 15 of the Dungeon
 36302 | D:15     | Reached skill level 10 in Maces & Flails
 37516 | D:15     | Found Ytue's Distillery.
 37654 | D:15     | Found a staircase to the Depths.
 38057 | Spider:2 | Identified the +4 battleaxe of Absolution {elec, Will+
                  | Dex+5}
 38757 | Spider:2 | Noticed Mlioglotl
 39282 | Spider:2 | Killed Mlioglotl
 39296 | Spider:1 | Reached XP level 17. HP: 109/116 MP: 15/30
 39575 | Spider:2 | Learned a level 9 spell: Shatter
 40012 | Spider:2 | Reached skill level 16 in Earth Magic
 40038 | Spider:2 | Reached skill level 10 in Spellcasting
 40804 | Spider:4 | Entered Level 4 of the Spider Nest
 40930 | Shoals:1 | Entered Level 1 of the Shoals
 41433 | Shoals:1 | Reached skill level 1 in Translocations
 41557 | Shoals:1 | Reached skill level 1 in Hexes
 41584 | Shoals:1 | Reached skill level 1 in Transmutations
 42671 | Shoals:2 | Noticed Donald
 42671 | Shoals:2 | Noticed Polyphemus
 42676 | Shoals:1 | Killed Donald
 43994 | Shoals:1 | Killed Polyphemus
 45879 | Shoals:2 | Identified the +0 chain mail of Viman {rC+ Will++}
 46165 | Shoals:2 | Noticed a kraken
 46178 | Shoals:2 | Killed a kraken
 46238 | Shoals:2 | Noticed a tentacled monstrosity
 46242 | Shoals:2 | Killed a tentacled monstrosity
 46289 | Shoals:2 | Identified the ring "Wofag" {Fire Dex+2}
 46508 | Shoals:3 | Noticed Nikola
 46866 | Shoals:2 | Killed Nikola
 46867 | Shoals:2 | Reached skill level 17 in Earth Magic
 46867 | Shoals:2 | Reached XP level 18. HP: 97/122 MP: 1/32
 47342 | Shoals:3 | Identified the +3 ring mail of the Inviting Gods {-Tele
                  | Str+10}
 48429 | Orc:2    | Bought a +1 helmet of intelligence for 231 gold pieces
 48450 | Orc:2    | Upgraded the game from 0.30-a0-469-g84de5afbc5 to
                  | 0.30-a0-475-g03497ec522
 48830 | Shoals:4 | Entered Level 4 of the Shoals
 49340 | Shoals:4 | Paralysed by an air elemental for 1 turns
 49453 | Shoals:4 | Reached skill level 18 in Earth Magic
 49709 | Shoals:4 | Paralysed by an air elemental for 1 turns
 50870 | Shoals:4 | Paralysed by an air elemental for 1 turns
 51239 | Shoals:4 | Identified the ring "Vibol" {rPois rF+}
 51319 | Shoals:4 | Paralysed by an air elemental for 1 turns
 51328 | Shoals:4 | Reached skill level 19 in Earth Magic
 51498 | Shoals:4 | Noticed a titan
 51501 | Shoals:4 | Killed a titan
 51546 | Shoals:4 | Got a barnacled rune of Zot
 53035 | Spider:4 | Reached skill level 20 in Earth Magic
 53115 | Spider:4 | Reached XP level 19. HP: 127/127 MP: 28/35
 53482 | Spider:4 | Found the +3 Mad Mage's Maulers {Infuse+∞ RegenMP Int-3}
 53489 | Spider:4 | Got a gossamer rune of Zot
 53498 | Spider:4 | Identified the +1 pair of gloves of Lethargy {rC+}
 53952 | Elf:1    | Entered Level 1 of the Elven Halls
 53955 | Elf:1    | Gained mutation: You occasionally lose the ability to read
                  | scrolls when taking damage. [mutagenic glow]
 53975 | Orc:2    | Gained mutation: You have sharp toenails. [mutagenic glow]
 53987 | Orc:2    | Gained mutation: Your magical capacity is low. (-10% MP)
                  | [mutagenic glow]
 54009 | Orc:2    | Lost mutation: You occasionally lose the ability to read
                  | scrolls when taking damage. [potion of mutation]
 54009 | Orc:2    | Lost mutation: Your magical capacity is low. (-10% MP)
                  | [potion of mutation]
 54009 | Orc:2    | Gained mutation: You have very sharp teeth. [potion of
                  | mutation]
 54269 | Elf:1    | Identified the ring "Toaliv" {rElec AC+4 Str-2 SInv}
 54302 | Elf:1    | Noticed Azrael
 54564 | Orc:2    | Killed Azrael
 54811 | Elf:1    | Reached skill level 21 in Earth Magic
 56049 | Elf:1    | Reached skill level 22 in Earth Magic
 56344 | Elf:1    | Got the Almanac of Blasting and Illusion
 56408 | Elf:1    | Found a runed translucent gate.
 56408 | Elf:1    | Found a runed translucent gate.
 56408 | Elf:1    | Found a runed translucent gate.
 56408 | Elf:1    | Found a runed translucent gate.
 56408 | Elf:1    | Found a runed translucent gate.
 56409 | Elf:1    | Noticed a Brimstone Fiend
 56413 | Elf:1    | Found a runed translucent gate.
 56582 | Elf:2    | Paralysed by an air elemental for 1 turns
 56899 | Elf:2    | Reached skill level 23 in Earth Magic
 57573 | Elf:2    | Found a runed translucent gate.
 57574 | Elf:2    | Found a runed translucent gate.
 57574 | Elf:2    | Found a runed translucent gate.
 57971 | Elf:3    | Entered Level 3 of the Elven Halls
 57973 | Elf:3    | Noticed Opeho's ghost (journeyman MiBe)
 57973 | Elf:3    | Found a transporter.
 58039 | Elf:2    | Killed Opeho's ghost
 58094 | Elf:3    | Reached XP level 20. HP: 126/132 MP: 27/36
 58540 | Elf:3    | Reached skill level 24 in Earth Magic
 58718 | Elf:3    | Found a transporter.
 59424 | Elf:3    | Identified the +4 leather armour of Feasting {rC+}
 59679 | Elf:3    | Identified the +3 buckler "Ibri" {Rampage rPois rF- rN+++}
 59679 | Elf:3    | Identified the ring of Dicse {rC+ Str+6 Stlth-}
 59886 | Elf:3    | Reached skill level 25 in Earth Magic
 59945 | Elf:3    | Identified the +4 scale mail "Wumi" {rElec rF++ rCorr
                  | Int-4}
 60333 | Elf:3    | Identified the +11 flail of Resumed Hostilities {freeze,
                  | Str+6 Dex-2 SInv}
 60503 | Elf:3    | Got the Almanac of the Pestilent Storm
 60540 | Elf:3    | Found Puhonon's Magic Scroll Boutique.
 60896 | Vaults:1 | Entered Level 1 of the Vaults
 61492 | Vaults:1 | Reached skill level 26 in Earth Magic
 61824 | Vaults:1 | Found Doorch's Antique Armour Shop.
 61829 | Vaults:1 | Bought a pair of fine gloves for 294 gold pieces
 61829 | Vaults:1 | Identified the +0 pair of gloves "Neyricec" {Dex+2} (You
                  | bought it in a shop on level 1 of the Vaults)
 62422 | Vaults:1 | Reached XP level 21. HP: 126/137 MP: 18/37
 62908 | Vaults:1 | Identified the +1 ring mail of the Moon {rN++ Dex+2}
 63641 | Vaults:2 | Noticed a bone dragon
 63735 | Vaults:2 | Reached skill level 27 in Earth Magic
 64081 | Vaults:2 | Found a staircase to the Crypt.
 64182 | Vaults:2 | Found Hetuk's Assorted Antiques.
 64219 | Vaults:2 | Reached skill level 1 in Armour
 65149 | Vaults:2 | Found Biteanla's General Store.
 65156 | Vaults:2 | Bought a potion of haste for 150 gold pieces
 65254 | Vaults:2 | Found a runed translucent gate.
 65255 | Vaults:2 | Found a runed translucent gate.
 65256 | Vaults:2 | Found a runed translucent gate.
 65256 | Vaults:2 | Noticed Aclimpov's ghost (adept GrEE)
 65983 | Vaults:3 | Killed a bone dragon
 67210 | Vaults:3 | Reached skill level 5 in Armour
 68356 | Vaults:4 | Reached XP level 22. HP: 124/145 MP: 30/40
 68534 | Vaults:4 | Found Fuka's Jewellery Boutique.
 68971 | Vaults:4 | Reached skill level 15 in Spellcasting
 69398 | Vaults:5 | Entered Level 5 of the Vaults
 69398 | Vaults:5 | Noticed a dread lich
 69400 | Vaults:5 | Killed a dread lich
 69413 | Vaults:5 | Noticed a golden dragon
 69415 | Vaults:5 | Noticed a golden dragon
 69556 | Vaults:5 | Noticed an ancient lich
 69566 | Vaults:4 | Killed a golden dragon
 69573 | Vaults:4 | Killed a golden dragon
 69929 | Vaults:5 | Killed an ancient lich
 70668 | Vaults:5 | Noticed a golden dragon
 70702 | Vaults:5 | Reached XP level 23. HP: 97/153 MP: 17/43
 71010 | Vaults:5 | Killed a golden dragon
 71375 | Vaults:5 | Identified the ring "Anivudwia" {rF+ rN+ Str-2 Slay+4}
 71600 | Vaults:5 | Identified the +3 dagger "Woudd" {vorpal, Str+5 Dex+2}
 71631 | Vaults:5 | Noticed a dread lich
 71731 | Vaults:5 | Reached skill level 10 in Armour
 71811 | Vaults:5 | Killed a dread lich
 72336 | Vaults:5 | Got a silver rune of Zot
 72473 | Vaults:5 | Identified the +1 ring mail "Tefepehi" {rN+ Int+2}
 73056 | Slime:1  | Entered Level 1 of the Pits of Slime
 73362 | Depths:1 | Entered Level 1 of the Depths
 74683 | Depths:1 | Noticed a caustic shrike
 74698 | Depths:1 | Learned a level 3 spell: Swiftness
 75065 | Depths:1 | Killed a caustic shrike
 75065 | Depths:1 | Gained mutation: You are vulnerable to cold. (rC-)
                  | [mutagenic glow]
 75464 | Depths:1 | Reached skill level 10 in Shields
 75506 | Depths:1 | Noticed Sojobo
 75680 | Depths:1 | Paralysed by an air elemental for 1 turns
 75720 | D:15     | Killed Sojobo
 75860 | Depths:1 | Found a gateway to Hell.
 75949 | Depths:1 | Identified the +2 long sword "Ecuwnofa" {speed, Fragile rN+
                  | Str+2 Dex+2}
 76130 | Depths:1 | Found a snail-covered altar of Cheibriados.
 76304 | Depths:2 | Reached XP level 24. HP: 161/161 MP: 22/45
 76519 | Depths:2 | Reached skill level 10 in Invocations
 77437 | Depths:2 | Gained mutation: You have hidden genetic potential.
                  | [mutagenic glow]
 77710 | Depths:2 | Found a one-way gate to the infinite horrors of the Abyss.
 78036 | Depths:2 | Found a one-way gate leading to the halls of Pandemonium.
 78356 | Depths:3 | Noticed a caustic shrike
 78362 | Depths:3 | Killed a caustic shrike
 79339 | Depths:3 | Found a one-way gateway to a ziggurat.
 79881 | Depths:4 | Entered Level 4 of the Depths
 80062 | Depths:4 | Found Oqoagipu's Distillery.
 80109 | Depths:4 | Bought a potion of curing for 51 gold pieces
 80109 | Depths:4 | Bought a potion of curing for 51 gold pieces
 80109 | Depths:4 | Bought a potion of curing for 51 gold pieces
 80109 | Depths:4 | Bought a potion of curing for 51 gold pieces
 80109 | Depths:4 | Bought a potion of resistance for 170 gold pieces
 80109 | Depths:4 | Bought a potion of curing for 51 gold pieces
 80109 | Depths:4 | Bought a potion of curing for 51 gold pieces
 80424 | Depths:4 | Found a gate to the Realm of Zot.
 81261 | Depths:4 | Reached skill level 15 in Invocations
 81557 | Zot:1    | Entered Level 1 of the Realm of Zot
 81717 | Zot:1    | Noticed a curse toe
 81828 | Depths:4 | Killed a curse toe
 82328 | Zot:1    | Got the Textbook on Snow
 82433 | Zot:1    | Noticed an ancient lich
 82435 | Zot:1    | Found a transporter.
 82435 | Zot:1    | Noticed an orb of fire
 82453 | Zot:2    | Killed an ancient lich
 82521 | Zot:2    | Reached XP level 25. HP: 63/218 MP: 34/59
 83467 | Zot:1    | Gained mutation: You have a pair of small antennae on your
                  | head. [hidden potential]
 83501 | Depths:4 | Lost mutation: You have hidden genetic potential. [potion
                  | of mutation]
 83501 | Depths:4 | Lost mutation: You have very sharp teeth. [potion of
                  | mutation]
 83501 | Depths:4 | Lost mutation: You have a pair of small antennae on your
                  | head. [potion of mutation]
 83501 | Depths:4 | Gained mutation: Your spells are a little easier to cast,
                  | but a little less powerful. [potion of mutation]
 83502 | Depths:4 | Lost mutation: Your spells are a little easier to cast, but
                  | a little less powerful. [potion of mutation]
 83502 | Depths:4 | Lost mutation: You have sharp toenails. [potion of
                  | mutation]
 83502 | Depths:4 | Gained mutation: You have hidden genetic defects. [potion
                  | of mutation]
 83502 | Depths:4 | Gained mutation: You are weak. (Str -2) [potion of
                  | mutation]
 83502 | Depths:4 | Gained mutation: You expend magic power (3 MP) to
                  | strengthen your wands. [potion of mutation]
 83503 | Depths:4 | Lost mutation: You expend magic power (3 MP) to strengthen
                  | your wands. [potion of mutation]
 83503 | Depths:4 | Lost mutation: You are vulnerable to cold. (rC-) [potion of
                  | mutation]
 83503 | Depths:4 | Lost mutation: You have hidden genetic defects. [potion of
                  | mutation]
 83503 | Depths:4 | Lost mutation: You are weak. (Str -2) [potion of mutation]
 83503 | Depths:4 | Gained mutation: Armour fits poorly on your strangely
                  | shaped body. [potion of mutation]
 83529 | Zot:1    | Noticed a dread lich
 83571 | Zot:1    | Killed a dread lich
 83809 | Zot:1    | Found a transporter.
 84119 | Zot:1    | Identified the +1 pair of boots "Fos Vauh" {Will++}
 84138 | Zot:1    | Identified the ring "Tuchoets" {Fire Int+4}
 84427 | Zot:1    | Found a runed translucent gate.
 84428 | Zot:1    | Found a runed translucent gate.
 84429 | Zot:1    | Found a runed translucent gate.
 84431 | Zot:1    | Noticed qborf's ghost (veteran AtFi)
 84432 | Zot:1    | Identified the amulet of Ykar {Acrobat Rampage}
 84449 | Zot:1    | Gained mutation: You are weak. (Str -2) [an orb of fire]
 84458 | Zot:1    | Killed an orb of fire
 85762 | Depths:4 | Killed qborf's ghost
 85916 | Zot:1    | Identified the +1 hat "Wetax" {Slay-5 SInv Stlth+}
 86329 | Zot:2    | HP: 5/170 [purple draconian shifter/bolt of dispelling
                  | energy[a purple draconian shifter] (23)]
 88866 | Zot:3    | Reached XP level 26. HP: 177/177 MP: 41/46
 88873 | Zot:3    | Noticed a Killer Klown
 88878 | Zot:3    | Killed a Killer Klown
 88923 | Zot:3    | Noticed a Killer Klown
 88938 | Zot:3    | Killed a Killer Klown
 89019 | Zot:3    | Noticed a Killer Klown
 89062 | Zot:3    | Killed a Killer Klown
 89136 | Zot:3    | Reached skill level 15 in Armour
 91300 | Zot:4    | Identified the +5 dagger of Cuunluew {antimagic, rElec
                  | rPois Str+2}
 91831 | Zot:5    | Entered Level 5 of the Realm of Zot
 93128 | Zot:5    | Learned a level 1 spell: Apportation
 93674 | Zot:5    | Noticed a Killer Klown
 93677 | Zot:5    | Noticed an orb of fire
 93677 | Zot:5    | Gained mutation: You occasionally shout uncontrollably at
                  | your foes. [an orb of fire]
 93678 | Zot:5    | Killed a Killer Klown
 93686 | Zot:5    | Killed an orb of fire
 93686 | Zot:5    | Noticed a Killer Klown
 93689 | Zot:5    | Killed a Killer Klown
 93690 | Zot:5    | Noticed a Killer Klown
 93692 | Zot:5    | Noticed a Killer Klown
 93703 | Zot:5    | Noticed an ancient lich
 93761 | Zot:5    | Killed an ancient lich
 93762 | Zot:5    | Reached XP level 27. HP: 186/186 MP: 30/47
 93950 | Zot:5    | Noticed a dread lich
 93963 | Zot:5    | Killed a dread lich
 94274 | Zot:5    | Noticed an orb of fire
 94276 | Zot:5    | Gained mutation: You have sharp fingernails. [an orb of
                  | fire]
 94284 | Zot:5    | Killed an orb of fire
 94753 | Zot:5    | Noticed an ancient lich
 94821 | Zot:5    | Killed an ancient lich
 95225 | Zot:5    | Got the Orb of Zot
 95340 | Zot:3    | Noticed Heumak the pandemonium lord
 95519 | Depths:2 | Noticed Ushyth the pandemonium lord
 95520 | Depths:2 | Gained mutation: You have hidden genetic defects. [a
                  | cacodemon]
 95523 | Depths:1 | Lost mutation: You have hidden genetic defects. [potion of
                  | mutation]
 95523 | Depths:1 | Lost mutation: You are weak. (Str -2) [potion of mutation]
 95523 | Depths:1 | Lost mutation: You have sharp fingernails. [potion of
                  | mutation]
 95523 | Depths:1 | Lost mutation: You occasionally shout uncontrollably at
                  | your foes. [potion of mutation]
 95523 | Depths:1 | Gained mutation: You possess an exceptional clarity of
                  | mind. [potion of mutation]
 95524 | Depths:1 | Noticed Naempudgh the pandemonium lord
 95628 | D:14     | Noticed Syoptin the pandemonium lord
 96017 | D:$      | Escaped with the Orb!

Illustrated notes

Levels and vault maps discovered:
D:1:      psy_arrival_statuary, layout_loops_ring, serial_shops,
          nicolae_shop_overgrown_old_shop, shapermc_ecumenical_altar_rom_forum
D:2:      layout_basic, basic_altar, chequers_serial_rivers_micro_e,
          st_stairs_9, uniq_jessica
D:3:      layout_basic, tgw_xom, uniq_crazy_yiuf_cottage
D:4:      layout_loops_ring, uniq_robin
D:5:      layout_gridville, lemuel_tele_altar, minivault_14, nicolae_titane
D:6:      layout_basic, kennysheep_mini, lemuel_crystal_altar,
          mainiacjoe_overflow_cross_hatched, minmay_temple_entry_slanted,
          serial_corexii_hall, chequers_hall_statues_wall_a,
          chequers_hall_statues_wall_a, corexii_hall_statues_u,
          corexii_hall_statues_deadend, uniq_sigmund
D:7:      layout_rooms, enter_bailey_2, ebering_ghost_rock_garden,
          minmay_starry_boxes
D:8:      layout_rooms, dpeg_lair_monsters, uniq_erica, uniq_gastronok
D:9:      lemuel_ogre_cave, layout_rooms, serial_aquarium,
          aquarium_bridge_square [aquarium_subvault_balcony,
          aquarium_subvault_bridge, aquarium_subvault_wall,
          aquarium_subvault_bridge], aquarium_window_fake, aquarium_window_fake,
          aquarium_window_1, aquarium_window_fake, aquarium_view_2b,
          aquarium_balcony_1b, serial_shops, shop, kennysheep_dice
D:10:     layout_rooms, tso_altar, nicolae_overflow_crystal_walls, serial_shops,
          shop_scrolls, nicolae_shop_hallway_stairs
D:11:     layout_layer_cave, david_orc_4, gauntlet_entry_generic
D:12:     layout_loops_corners, serial_glass, glass_columns_c, glass_columns_c,
          kennysheep_generic_room_13
D:13:     layout_basic, ximxim_vaults_locker_room, serial_shops,
          kennysheep_little_box
D:14:     layout_cave_pools, small_statue_alley_a
D:15:     hangedman_depths_entry_try_elsewhere_first, layout_basic,
          hex_intersection, serial_shops, shop, minmay_misc_feat_chi, drop_trap
Temple:   regret_index_temple_waves
Lair:1:   layout_cave_pods
Lair:2:   layout_misc_corridors, nicolae_spider_entry_non_spiders, uniq_sonja
Lair:3:   layout_regular_city, elwin_shoals_entry_rooms, st_stairs_4,
          grunt_forest_small_clearing_treed, infiniplex_staircase_pool,
          uniq_snorg, uniq_urug
Lair:4:   gammafunk_lair_enchanted_lake, layout_regular_city, slime_entry_1,
          dreamdust_gnoll_shepherd
Shoals:1: layout_shoals
Shoals:2: dreamdust_from_the_deep, layout_shoals, uniq_donald, uniq_polyphemus
Shoals:3: layout_shoals, ldierk_geyser, uniq_nikola
Shoals:4: shoals_end_hellmonk_storm_palace [storm_palace_center_circular,
          storm_palace_corner_blocked, storm_palace_corner_grid,
          storm_palace_corner_grid, storm_palace_corner_reverse_hut]
Spider:1: layout_spider_delve, nicolae_spider_orb_run
Spider:2: nicolae_spider_hilbert_zone_6 [nicolae_spider_hilbert_4_sides_1_open,
          nicolae_spider_hilbert_4_sides_1_open,
          nicolae_spider_hilbert_4_sides_1_open,
          nicolae_spider_hilbert_4_sides_1_open,
          nicolae_spider_hilbert_4_sides_1_open,
          nicolae_spider_hilbert_4_sides_1_open,
          nicolae_spider_hilbert_4_sides_1_open], uniq_jorgrun, uniq_mlioglotl
Spider:3: layout_spider_delve
Spider:4: grunt_spider_rune_island
Slime:1:  layout_caves, special_room [special_room_jelly]
Orc:1:    layout_diamond_mine, nicolae_volcano_entry_two_sided
Orc:2:    st_orc_open, layout_caves, serial_shops, nicolae_shop_trees,
          nicolae_shop_hallway_plus, nicolae_shop_stone,
          nicolae_shop_statue_plus, nicolae_orc_rockfall
Elf:1:    elf_arrival_001, layout_geoelf_diagonals,
          portal_desolation_entry_nicolae_nacl, orc_legates, minmay_elf_sorcery,
          uniq_azrael
Elf:2:    nicolae_elf_blades_crystal_corner, layout_rooms, feat_on_display
Elf:3:    minmay_elf_hall_quartered_circle, layout_gridlike, serial_shops, shop,
          gammafunk_ghost_arena
Vaults:1: nicolae_vaults_specimen_jars, v_misc_3, v_misc_28, v_misc_26,
          ontoclasm_vaults_gateway, nicolae_vaults_network_periphery,
          vaults_mumra_hex, vaults_standard_mumra_x,
          ontoclasm_vaults_misaligned, layout_vaults_chaotic_city, serial_shops,
          nicolae_square_shop
Vaults:2: ebering_ghost_rock_garden, hangedman_vaults_snaps,
          minmay_crypt_entry_nasty_monster, hangedman_vaults_slither,
          v_alt_pattern_1, grunt_vaults_twisty, nicolae_vaults_ninety_degrees,
          v_misc_13, nicolae_vaults_little_squares_4,
          nicolae_vaults_three_branches, layout_vaults_omnibox, serial_shops,
          shop, nicolae_shop_advertising_works [nicolae_subvault_shop_adworks]
Vaults:3: ontoclasm_vaults_eye, ontoclasm_vaults_ring_small, v_misc_13,
          v_rooms_3, vaults_dpeg_emergency_exit, hangedman_vaults_stitches,
          v_misc_16, ontoclasm_vaults_idyll, vaults_dpeg_hooks,
          dpeg_vaults_monster_box, vaults_room_pool, v_pattern_5,
          hangedman_vaults_impose, ontoclasm_vaults_chip, v_misc_19,
          layout_vaults_ring
Vaults:4: hangedman_vaults_nails, nicolae_vaults_hallways_thing,
          nicolae_vaults_disjoint_gnomons, hangedman_vaults_pinch,
          v_alt_pattern_4, vaults_room_pools, v_misc_23, v_misc_22, v_misc_27,
          vaults_dpeg_cross, vaults_room_pool, layout_vaults_omnicross,
          serial_shops, shop
Vaults:5
Depths:1: minmay_the_grid_triangle_9x9_recursive_2
          [minmay_the_grid_triangle_9x9_prize_top_heavy,
          minmay_the_grid_triangle_9x9_steps,
          minmay_the_grid_triangle_9x9_longest,
          minmay_the_grid_triangle_9x9_intruding_spiral], layout_gridville,
          chequers_serial_rivers_small_3, grunt_mini_vestibule,
          hangedman_decor_peaks_small, slow_altar_1, uniq_sojobo
Depths:2: kennysheep_big_flooded_room, layout_cave_shapes, abyss_entry,
          rand_demon_pan_entry_4, hell_entry
Depths:3: minmay_dotted_concentric_squares, layout_twisted_cross,
          enter_ziggurat_e, kennysheep_decorative_pillar,
          hangedman_abyss_entry_splay, hell_entry
Depths:4: evilmike_zot_entry_basic, layout_honeycomb, serial_shops,
          nicolae_lakefront_shop, pf_coc_iceberg, abyss_entry_crystal
Zot:1:    gammafunk_the_bubble [the_bubble_gammafunk_grid], layout_gridlike,
          gammafunk_ghost_tricky_traps, grunt_megastairs_3
Zot:2:    layout_basic
Zot:3:    circus_mu, layout_gridlike, grunt_megastairs_4
Zot:4:    layout_gridlike
Zot:5:    layout_concentric_octagons, lemuel_baited_zot_trap, st_stairs_6,
          grunt_ministairs_2

Skill      XL: |  1  2  3  4  5  6  7  8  9 10 11 12 13 14 15 16 17 18 19 20 21 22 23 24 25 26 27 |
---------------+----------------------------------------------------------------------------------+-----
Fighting       | 1 2 3 4 5 7 8 10 11 13 14 16 17 18 19 21 22 23 | 23.8
Conjurations   | 2 3 4 5 6 8 9 10 12 13 14 | 14.2
Earth Magic    | 1 2 3 4 5 7 9 10 12 14 15 17 20 23 26 27 | 27.0
Stealth        | 4 7 9 |  9.5
Spellcasting   | 4 6 7 9 10 12 14 16 18 19 20 21 | 21.6
Maces & Flails | 3 5 6 8 10 11 | 11.0
Shields        | 6 9 10 11 | 11.0
Invocations    | 4 8 9 15 | 15.0
Translocations | 3 |  3.0
Hexes          | 3 |  3.0
Transmutations | 3 |  3.0
Armour         | 5 9 11 12 14 17 18 | 18.4
Dodging        | |  1.5
Summonings     | |  0.8

Action                   |  1- 3 |  4- 6 |  7- 9 | 10-12 | 13-15 | 16-18 | 19-21 | 22-24 | 25-27 || total
-------------------------+-------+-------+-------+-------+-------+-------+-------+-------+-------++-------
Melee: Dagger            |    65 |       |       |       |       |       |       |       |       ||    65
       Club              |       |    13 |       |       |       |       |       |       |       ||    13
       Flail             |       |    14 |     9 |    99 |   381 |   272 |   114 |    80 |     3 ||   972
       War axe           |       |     2 |       |       |       |       |       |       |       ||     2
       Punch             |       |       |       |       |     5 |       |       |       |       ||     5
       Bite              |       |       |       |       |       |       |    13 |    21 |       ||    34
       Staff             |       |       |       |       |       |       |       |    29 |    42 ||    71
 Cast: Magic Dart        |    81 |    74 |    10 |       |       |       |       |       |       ||   165
       Stone Arrow       |     1 |    15 |   136 |   274 |   352 |   134 |       |       |       ||   912
       Call Imp          |     1 |     4 |       |       |       |       |       |       |       ||     5
       Irradiate         |       |       |       |     3 |    24 |    40 |     1 |    16 |    12 ||    96
       Blink             |       |       |       |     2 |     3 |     6 |     2 |     4 |     5 ||    22
       Iron Shot         |       |       |       |    11 |   101 |   594 |   272 |   244 |   318 ||  1540
       Lee's Rapid Decon |       |       |       |     4 |    43 |    14 |     8 |     3 |     2 ||    74
       Fulminant Prism   |       |       |       |       |    10 |    14 |     2 |     2 |       ||    28
       Shatter           |       |       |       |       |       |       |   264 |   271 |   285 ||   820
       Swiftness         |       |       |       |       |       |       |       |       |     5 ||     5
       Apportation       |       |       |       |       |       |       |       |       |     2 ||     2
Invok: Heal Self         |       |       |       |       |     1 |     3 |       |     3 |     4 ||    11
       Heal Other        |       |       |       |       |       |     1 |     1 |       |       ||     2
       Divine Vigour     |       |       |       |       |       |       |       |     2 |     2 ||     4
Evoke: Wand              |       |     3 |       |       |     4 |     1 |       |       |     1 ||     9
  Use: Potion            |     1 |       |       |     2 |     9 |       |     2 |    17 |    21 ||    52
       Scroll            |       |     1 |    14 |     8 |    11 |     6 |     3 |    10 |    14 ||    67
 Stab: Sleeping          |       |       |       |       |     1 |       |       |       |       ||     1
       Invisible         |       |       |       |       |       |     2 |       |       |       ||     2
Armor: Robe              |    42 |    26 |    21 |   200 |   559 |   427 |   171 |   256 |    53 ||  1755
       Fire dragon scale |       |       |       |       |       |       |       |       |   244 ||   244
Dodge: Dodged            |    56 |    26 |    24 |   174 |   376 |   145 |    80 |    65 |    33 ||   979
Block: Kite shield       |       |       |       |       |   282 |  1308 |   317 |   477 |   408 ||  2792

Table legend: (Time is in decaauts)
 A = Elapsed time spent in this place.
 B = Non-inter-level travel time spent in this place.
 C = Inter-level travel time spent in this place.
 D = Time resting spent in this place.
 E = Time spent auto-exploring this place.
 F = Levels seen in this place.
 G = Mean time per level.
                   A        B        C        D        E       F      G
               +--------+--------+--------+--------+--------+-----+--------+
         Total |  96511 |  89904 |   6607 |  31368 |  42262 |  51 | 1892.4 |
       Dungeon |  23243 |  20249 |   2994 |   4443 |  12801 |  15 | 1549.5 |
        Temple |    215 |    180 |     35 |      0 |    167 |   1 |  215.0 |
          Lair |  10779 |   9754 |   1025 |   3378 |   5169 |   4 | 2694.8 |
        Shoals |   9489 |   9252 |    237 |   4592 |   2919 |   4 | 2372.2 |
   Spider Nest |   6996 |   6566 |    430 |   2265 |   3105 |   4 | 1749.0 |
    Slime Pits |      9 |      9 |      0 |      0 |      0 |   1 |    9.0 |
  Orcish Mines |   4403 |   4127 |    276 |   1885 |   1555 |   2 | 2201.5 |
   Elven Halls |   6509 |   6057 |    452 |   1881 |   2595 |   3 | 2169.7 |
        Vaults |  10748 |  10137 |    611 |   3024 |   5230 |   5 | 2149.6 |
        Depths |   9352 |   9144 |    208 |   4270 |   3445 |   4 | 2338.0 |
           Zot |  11384 |  11048 |    336 |   4644 |   3640 |   5 | 2276.8 |
        Bailey |   1775 |   1775 |      0 |    399 |    940 |   1 | 1775.0 |
       Volcano |   1018 |   1018 |      0 |    311 |    527 |   1 | 1018.0 |
      Gauntlet |    585 |    585 |      0 |    274 |    167 |   1 |  585.0 |
               +--------+--------+--------+--------+--------+-----+--------+

Top non-repeatable levels by time:
  Lair:2: 4255 daAuts
Depths:4: 3975 daAuts
Shoals:1: 3495 daAuts
   Zot:4: 2982 daAuts
Vaults:4: 2728 daAuts
  Lair:3: 2699 daAuts
   Elf:1: 2696 daAuts
   Zot:1: 2619 daAuts
Vaults:1: 2605 daAuts
    D:11: 2523 daAuts
Depths:1: 2354 daAuts
   Orc:1: 2314 daAuts
Spider:1: 2257 daAuts
Vaults:2: 2224 daAuts
   Zot:3: 2214 daAuts
